 Dungeon Crawl Stone Soup version 0.23-a0-241-g3b46b076a4 (webtiles) character file.

284 Jesh the Sneak (level 6, -2/28 HPs)
             Began as a Spriggan Enchanter on Sept 27, 2018.
             Killed by divine providence
             ... invoked by an orc priest
              (13 damage)
             ... on level 3 of the Dungeon.
             The game lasted 00:15:45 (4703 turns).

Jesh the Sneak (Spriggan Enchanter)                 Turns: 4703, Time: 00:15:45

Health: -2/28      AC:  2    Str:  5    XL:     6   Next: 7%
Magic:  7/13       EV: 18    Int: 17    God:
Gold:   213        SH:  0    Dex: 15    Spells: 2/14 levels left

rFire    . . .     SeeInvis +   i - +2 dagger (freeze)
rCold    . . .     Gourm    .   (shield restricted)
rNeg     + . .     Faith    .   b - +0 robe
rPois    +         Spirit   .   (helmet restricted)
rElec    .         Reflect  .   (no cloak)
rCorr    .         Harm     .   (gloves unavailable)
MR       +....                  (boots unavailable)
Stlth    +++.......             (no amulet)
HPRegen  0.09/turn              j - ring of positive energy
MPRegen  0.13/turn              e - ring of attention (curse)

@: very quick
A: very small, unfitting armour, see invisible, clumsy 1, herbivore, speed 3,
poison resistance, slow metabolism 2
a: no special abilities


You were on level 3 of the Dungeon.
You were not hungry.

You visited 1 branch of the dungeon, and saw 3 of its levels.

You collected 213 gold pieces.

Inventory:

Hand Weapons
 a - a +1 dagger
 c - a +2 dagger of venom
 i - a +2 dagger of freezing (weapon)
Armour
 b - a +0 robe (worn)
Jewellery
 e - a cursed ring of attention (right hand)
 j - a ring of positive energy (left hand)
Scrolls
 f - a scroll of teleportation
Potions
 g - 2 potions of curing
 h - a potion of might
Comestibles
 d - 7 rations


   Skills:
 - Level 1.1 Short Blades
 - Level 3.0 Dodging
 + Level 7.9 Stealth
 - Level 4.6 Spellcasting
 - Level 5.2 Hexes


You had 2 spell levels left.
You knew the following spells:

 Your Spells              Type           Power        Failure   Level  Hunger
a - Ensorcelled Hibernat  Hex/Ice        ##....       8%          2    ##.....
b - Corona                Hex            ###....      1%          1    None
c - Confuse               Hex            ###.....     4%          3    ###....
d - Tukima's Dance        Hex            ###.....     4%          3    ###....
e - Dazzling Spray        Conj/Hex       ##....       16%         3    ###....

Your spell library contained the following spells:

 Spells                   Type           Power        Failure   Level  Hunger


Dungeon Overview and Level Annotations

Branches:
Dungeon (3/15)

Altars:
Ru
The Shining One
Beogh

Annotations:
D:3 derval's ghost, amateur DsNe


Innate Abilities, Weirdness & Mutations

You are very small and have problems with some larger weapons.
You are too small for most types of armour.
You have supernaturally acute eyesight. (SInv)
You are a herbivore.
You cover ground extremely quickly.
You need to consume almost no food.
You are clumsy. (Dex -2)
Your system is resistant to poisons. (rPois)


Message History

The orc is moderately wounded.
The orc misses you.
You closely miss the orc. The orc hits you with a mace.
Derval's ghost whispers, "Everlasting silence awaits you..."
The orc misses you.
The orc priest invokes the aid of Beogh against you.
Beogh smites you!
Ouch! That really hurt!
The orc closely misses you.
You feel better.
The orc is no longer blind. x2
The orc priest calls down the wrath of Beogh upon you.
Pain shoots through your body! The orc hits you with a mace!
* * * LOW HITPOINT WARNING * * *
The orc hits you.
* * * LOW HITPOINT WARNING * * *
You feel better. The orc barely misses you.
Derval's ghost says, "Death will end your pain."
The orc priest calls down the wrath of Beogh upon you.
Beogh smites you!
You die...

#.###########.# #.##### #.#
####### ####'#...# #.# #.....##
#......#.# #.#
##......#######......#.# #.#
........+.#...+......#.# #.#
........#.#..##......#.# #.#
...>............oo...#.#### #.#
...#...<...8...o@oW......8# #.#
...#.......######o''####### #.#
...#......##...o.o.......# #.#
...#.......#...o#####....# #.#
.....###.#.#.###.o...###.#####.##
<....+.....#.#8#o.8..#8#.#.......
.....###.#.#.............#.....#.
...##......#8....[_[....8#######.
...#...#.#.########## #.


You could see an orc priest, derval's ghost and 7 orcs.

Vanquished Creatures
  An ogre (D:2)
  An orc priest (D:2)
  An orc wizard (D:2)
  3 gnolls (D:2)
  An adder (D:2)
  An ooze (D:2)
  4 worms
  2 dart slugs
  6 leopard geckos
  5 orcs
  A ball python (D:3)
  5 giant cockroaches
  9 hobgoblins
  6 jackals
  8 bats
  A frilled lizard (D:1)
  2 goblins
  9 kobolds
  8 rats
74 creatures vanquished.

Notes
Turn   | Place    | Note
-------+----------+-------------------------------------------
     0 | D:1      | Jesh the Spriggan Enchanter began the quest for the Orb.
     0 | D:1      | Reached XP level 1. HP: 9/9 MP: 5/5
   488 | D:1      | Reached XP level 2. HP: 13/13 MP: 7/7
   723 | D:1      | Learned a level 2 spell: Ensorcelled Hibernation
  1270 | D:1      | Reached XP level 3. HP: 15/16 MP: 7/9
  1275 | D:1      | Learned a level 3 spell: Confuse
  1279 | D:1      | Learned a level 3 spell: Tukima's Dance
  2316 | D:2      | Reached XP level 4. HP: 21/21 MP: 7/11
  2320 | D:2      | Reached skill level 5 in Hexes
  2598 | D:1      | Learned a level 3 spell: Dazzling Spray
  2742 | D:2      | Reached skill level 5 in Stealth
  3147 | D:2      | Reached XP level 5. HP: 24/24 MP: 5/12
  3371 | D:2      | Noticed an ogre
  3396 | D:2      | Killed an ogre
  3396 | D:2      | Reached skill level 7 in Stealth
  3840 | D:3      | Found a runed gate.
  3841 | D:3      | Found a runed gate.
  3841 | D:3      | Noticed derval's ghost (amateur DsNe)
  3842 | D:3      | Found a runed gate.
  3844 | D:3      | Found a roughly hewn altar of Beogh.
  3925 | D:3      | Reached XP level 6. HP: 28/28 MP: 13/13
  3997 | D:3      | Found a sacrificial altar of Ru.
  4037 | D:3      | Gained mutation: You are clumsy. (Dex -2) [potion of
                  | mutation]
  4037 | D:3      | Gained mutation: Your system is resistant to poisons.
                  | (rPois) [potion of mutation]
  4206 | D:3      | Found a glowing golden altar of the Shining One.
  4702 | D:3      | HP: 1/28 [orc (3)]
  4703 | D:3      | Killed from afar by an orc priest

Vault maps used:
D:1:      lightli_arrival_lavapool, minmay_tall_x
D:2:      cheibrodos_pilgrimage, first_ration, kennysheep_generic_room_16
D:3:      nicolae_ru_sacrificial_ziggurat, nicolae_tso_carved_into_rock,
          biasface_ghost_orc_armoury

Skill      XL: |  1  2  3  4  5 |
---------------+----------------+-----
Spellcasting   | 3 4 |  4.6
Hexes          | 4 5 |  5.2
Stealth        | 5 7 |  7.9
Short Blades   | |  1.1
Dodging        | |  3.0

Action                   |  1- 3 |  4- 6 || total
-------------------------+-------+-------++-------
Melee: Dagger            |   122 |   105 ||   227
 Cast: Corona            |    13 |     2 ||    15
       Ensorcelled Hiber |    19 |    19 ||    38
       Dazzling Spray    |       |     4 ||     4
       Confuse           |       |     4 ||     4
  Use: Scroll            |     5 |     5 ||    10
       Potion            |       |     5 ||     5
 Stab: Sleeping          |    20 |    15 ||    35
       Distracted        |       |     2 ||     2
  Eat: Ration            |       |     2 ||     2
Armor: Robe              |    23 |     8 ||    31
Dodge: Dodged            |   132 |   113 ||   245

Table legend:
 A = Non-vault XP
 B = Vault XP
 C = Vault XP percentage of total XP
 D = Non-vault monster count
 E = Vault monster count
 F = Vault count percentage of total count
                 A         B        C        D         E       F
            +---------+---------+-------+---------+---------+-------
      Total |     302 |     104 |  25.6 |      62 |      12 |  16.2
            +---------+---------+-------+---------+---------+-------
        D:1 |      53 |      11 |  17.2 |      29 |       6 |  17.1
        D:2 |     219 |      87 |  28.4 |      22 |       4 |  15.4
        D:3 |      30 |       6 |  16.7 |      11 |       2 |  15.4
            +---------+---------+-------+---------+---------+-------
